 Dungeon Crawl Stone Soup version 0.21.1-1-g345015f (webtiles) character file.

977 GrunderHorse the Skirmisher (level 7, 0/66 HPs)
             Began as a Centaur Gladiator on Mar 18, 2018.
             Succumbed to a scorpion's poison
             ... on level 4 of the Dungeon.
             The game lasted 00:06:11 (3905 turns).

GrunderHorse the Skirmisher (Centaur Gladiator)     Turns: 3905, Time: 00:06:12

Health: 0/66       AC: 11    Str: 22    XL:     7   Next: 95%
Magic:  7/7        EV:  8    Int:  7    God:
Gold:   251        SH:  7    Dex: 12    Spells: 6/6 levels left

rFire    . . .     SeeInvis .   s - +0 hand axe (elec)
rCold    + . .     Gourm    .   g - +2 buckler
rNeg     . . .     Faith    .   b - +0 leather armour
rPois    .         Spirit   .   c - +0 helmet
rElec    .         Reflect  .   r - +0 cloak
rCorr    .         Harm     .   (no gloves)
MR       .....                  q - +1 centaur barding
Stlth    +.........             (no amulet)
HPRegen  0.21/turn              (no ring)
MPRegen  0.10/turn              (no ring)

@: mighty, lethally poisoned (0 -> -1), very quick
A: large, hooves 3, cold resistance 1, deformed body, speed 2, tough skin 3,
evolution 1
a: no special abilities


You were on level 4 of the Dungeon.
You were hungry.

You visited 1 branch of the dungeon, and saw 4 of its levels.

You collected 251 gold pieces.

Inventory:

Hand Weapons
 a - a +0 quarterstaff
 s - a +0 hand axe of electrocution (weapon)
Missiles
 d - 3 throwing nets (quivered)
Armour
 b - a +0 leather armour (worn)
 c - a +0 helmet (worn)
 g - a +2 buckler (worn)
 q - a +1 centaur barding (worn)
 r - a +0 cloak (worn)
Jewellery
 u - an uncursed ring of protection from magic {unknown}
Wands
 w - a wand of polymorph (4)
Scrolls
 h - a scroll of amnesia {unknown}
 i - 3 scrolls of enchant weapon {unknown}
 j - 3 scrolls of remove curse {unknown}
 k - a scroll of magic mapping {unknown}
 l - 2 scrolls of identify {unknown}
 o - a scroll of noise {unknown}
 p - a scroll of fear {unknown}
 t - a scroll of immolation {unknown}
Potions
 e - 2 potions of brilliance
 m - 3 potions of flight
Books
 v - a book of Misfortune

   Spells                             Type                      Level
   a - Confusing Touch                Hexes                        1
   b - Confuse                        Hexes                        3
   c - Gell's Gravitas                Translocation                3
   d - Petrify                        Transmutation/Earth          4
   e - Metabolic Englaciation         Hexes/Ice                    5
   f - Yara's Violent Unravelling     Hexes/Transmutation          5
Comestibles
 f - 9 rations
 n - 4 chunks of flesh


   Skills:
 + Level 7.5 Fighting
 - Level 2.7 Staves
 - Level 2.2 Throwing
 - Level 2.2 Dodging
 - Level 4.0 Shields


You had 6 spell levels left.
You didn't know any spells.

Dungeon Overview and Level Annotations

Branches:
Dungeon (4/15)
 Temple: D:4-7

Altars:
Kikubaaqudgha
Vehumet


Innate Abilities, Weirdness & Mutations

You have hooves in place of feet.
Armour fits poorly on your strangely shaped body.
You cover ground very quickly.
You have extremely tough skin. (AC +3)
Your flesh is cold resistant. (rC+)
You evolve.


Message History

Items here: ) [ †† a dagger; a robe; an orc corpse; a scorpion corpse You slash the orc!
You kill the orc!
You are feeling hungry.
* * * LOW HITPOINT WARNING * * *
You feel sick.
An adder comes into view.
Found an ancient bone altar of Kikubaaqudgha.
Things that are here:
a trident; a leather armour; an orc corpse The adder hisses angrily.
Wield which item (- for none, * to show all)? (? for menu, Esc to quit)
Okay, then.
Okay, then.
* * * LOW HITPOINT WARNING * * *
You feel sick.
Unknown command.
There is an escape hatch in the ceiling here.
You die...

#........)))...
##.......######
#.#<.##.# #......#.##
...####.#..# ....#
#.##.# # ###.# #....## #
#...# ####..####
#@#########.).....
###.#..........#....
####.....# #####.###..
.......)S##### #..##.#
#..≈...⌠.))...#####....#
..≈≈≈≈≈..#..#.(...#..#..
..≈≈≈≈..##.######......#
.≈≈≈≈≈..##..............
.....≈...#.###.#####.###


You could see an adder.

Vanquished Creatures
  A phantom (D:4)
  3 ogres
  2 scorpions (D:4)
  The ghost of Sigh42 the Bolt Thrower, a weakling MiAM (D:3)
  2 hounds (D:4)
  An orc priest (D:4)
  6 orc wizards
  Natasha (D:4)
  2 worker ants (D:4)
  Robin (D:3)
  4 adders
  An ooze (D:1)
  2 worms (D:2)
  3 dart slugs
  4 leopard geckos
  15 orcs
  2 bats (D:1)
  7 giant cockroaches
  17 goblins
  17 hobgoblins
  4 jackals
  8 kobolds
  A quokka (D:3)
  A ball python skeleton (D:4)
  3 frilled lizards (D:1)
  A jackal skeleton (D:4)
  A leopard gecko skeleton (D:4)
  3 rats
114 creatures vanquished.

Vanquished Creatures (others)
  A frilled lizard (D:2)
1 creature vanquished.

Grand Total: 115 creatures vanquished

Notes
Turn   | Place    | Note
-------+----------+-------------------------------------------
     0 | D:1      | GrunderHorse the Centaur Gladiator began the quest for the Orb.
     0 | D:1      | Reached XP level 1. HP: 17/17 MP: 1/1
   342 | D:1      | Reached XP level 2. HP: 25/25 MP: 2/2
   422 | D:1      | Reached skill level 1 in Shields
   651 | D:1      | Reached XP level 3. HP: 27/30 MP: 3/3
   760 | D:1      | Reached skill level 3 in Fighting
  1103 | D:2      | Found a faded altar of an unknown god.
  1459 | D:2      | Reached XP level 4. HP: 36/38 MP: 4/4
  1835 | D:2      | Found a radiant altar of Vehumet.
  2409 | D:3      | Noticed Sigh42's ghost (weakling MiAM)
  2414 | D:3      | Killed Sigh42's ghost
  2414 | D:3      | Reached skill level 4 in Fighting
  2414 | D:3      | Reached XP level 5. HP: 30/46 MP: 5/5
  2797 | D:3      | Noticed Robin
  2809 | D:3      | Killed Robin
  3092 | D:3      | Noticed an ogre
  3097 | D:3      | Killed an ogre
  3097 | D:3      | Reached XP level 6. HP: 53/53 MP: 6/6
  3221 | D:4      | Reached skill level 5 in Fighting
  3280 | D:4      | Gained mutation: You are dopey. (Int -2) [potion of mutation]
  3280 | D:4      | Gained mutation: You evolve. [potion of mutation]
  3280 | D:4      | Lost mutation: You are dopey. (Int -2) [potion of mutation]
  3290 | D:4      | Reached XP level 7. HP: 14/61 MP: 7/7
  3628 | D:4      | Reached skill level 6 in Fighting
  3868 | D:4      | Gained mutation: Your flesh is cold resistant. (rC+) [evolution]
  3878 | D:4      | Noticed Natasha
  3883 | D:4      | Reached skill level 7 in Fighting
  3895 | D:4      | Killed Natasha
  3895 | D:4      | HP: 2/66 [orc/trident (6)]
  3898 | D:4      | Found an ancient bone altar of Kikubaaqudgha.
  3900 | D:4      | HP: 1/66 [poisoned by a scorpion]
  3905 | D:4      | Succumbed to a scorpion's poison

Skill      XL: |  1  2  3  4  5  6  7 |
---------------+----------------------+-----
Shields        | 1 2 3 4 |  4.0
Fighting       | 3 4 5 7 |  7.5
Staves         | |  2.7
Throwing       | |  2.2
Dodging        | |  2.2

Action                   |  1- 3 |  4- 6 |  7- 9 || total
-------------------------+-------+-------+-------++-------
Melee: Club              |   124 |    99 |       ||   223
       Quarterstaff      |     3 |       |       ||     3
       Kick              |    27 |    37 |    16 ||    80
       Hand axe          |       |    82 |    53 ||   135
  Use: Potion            |       |     5 |     1 ||     6
  Eat: Chunk             |     1 |     6 |     1 ||     8
Armor: Leather armour    |    48 |    66 |    29 ||   143
Dodge: Dodged            |    42 |    57 |    13 ||   112
Block: Buckler           |    47 |    53 |    24 ||   124
